 Dungeon Crawl Stone Soup version 0.29-a0-542-g075992c915 (webtiles) character file.

Game seed: 2561532167301761530

189 oldriver the Chopper (level 5, -8/44 HPs)
             Began as a Palentonga Delver on June 4, 2022.
             Mangled by an orc
             ... wielding a +0 whip of electrocution
              (19 damage)
             ... on level 3 of the Dungeon.
             The game lasted 00:03:50 (3216 turns).

oldriver the Chopper (Palentonga Delver)            Turns: 3216, Time: 00:03:55

Health: -8/44      AC:  7    Str: 17    XL:     5   Next: 40%
Magic:  5/5        EV: 13    Int: 11    God:
Gold:   201        SH:  0    Dex: 11    Spells: 4/4 levels left

rFire   . . .      SeeInvis +   a - +0 hand axe
rCold   . . .      Faith    .   (no shield)
rNeg    . . .      Spirit   .   s - +0 leather armour
rPois   .          Reflect  .   (no helmet)
rElec   .          Harm     .   l - +2 cloak
rCorr   .          Rampage  .   (no gloves)
Will    .....                   (no barding)
Stlth   ++........              (no amulet)
HPRegen 0.14/turn               i - +4 ring of evasion
MPRegen 0.09/turn               h - ring of wizardry

@: no status effects
A: large, rugged brown scales 3, see invisible, deformed body, roll 1, armoured
tail
a: Rolling Charge


You were on level 3 of the Dungeon.
You visited 1 branch of the dungeon, and saw 5 of its levels.

You collected 201 gold pieces.

Inventory:

Hand Weapons
 a - a +0 hand axe (weapon)
 b - a +0 hunting sling
Armour
 l - a +2 cloak (worn)
 s - a +0 leather armour (worn)
Jewellery
 h - a ring of wizardry (right hand)
 i - a +4 ring of evasion (left hand)
Wands
 g - a wand of digging (3)
 k - a wand of charming (9)
Scrolls
 c - a scroll of fog
 d - a scroll of magic mapping
 e - a scroll of fear
Potions
 f - 3 potions of haste
 j - a potion of might
 o - a potion of lignification
 p - a potion of mutation


   Skills:
 + Level 4.2 Fighting
 * Level 4.8 Axes
 - Level 1.5 Dodging
 - Level 3.3 Stealth


You had 4 spell levels left.
You didn't know any spells.
Your spell library contained the following spells:

 Spells                   Type           Power      Damage    Failure   Level
 Magic Dart               Conj           0%         1d3       17%         1
 Call Imp                 Summ           0%         N/A       26%         2
 Mephitic Cloud           Conj/Pois/Air  0%         N/A       45%         3


Dungeon Overview and Level Annotations

Branches:
Dungeon (5/15)
 Temple: D:4-7

Altars:
Hepliaklqana

Shops:
D:1 [   D:2 [:(:(


Innate Abilities, Weirdness & Mutations

You are completely covered in rugged brown scales. (AC +3, +7% HP)
You have supernaturally acute eyesight. (SInv)
Armour fits poorly on your strangely shaped body.
You can roll at nearby foes to attack.
You have a long armoured tail.


Message History

The orc priest hits you with a +0 short sword.
The orc hits you but does no damage.
You hit the orc priest.
The orc priest is heavily wounded.
You hit the orc but do no damage. The orc priest closely misses you.
The orc hits you but does no damage.
You hit the orc priest.
Your tail-slap misses the orc priest.
The orc priest is heavily wounded.
You hit the orc. The orc priest misses you.
The orc hits you but does no damage.
You hit the orc priest but do no damage.
You punch the orc priest, but do no damage.
The orc priest is heavily wounded.
You closely miss the orc.
The orc priest miscasts a cantrip.
The orc hits you with a +0 short sword.
You hit the orc priest.
The orc priest is heavily wounded.
You hit the orc but do no damage.
The orc priest hits you with a +0 short sword.
The orc misses you.
You closely miss the orc priest.
The orc priest is heavily wounded.
You hit the orc.
You kill the orc!
The orc priest looks satisfied for a moment.
You barely miss the orc priest.
The orc priest is heavily wounded.
You hit the orc but do no damage.
The orc priest invokes the aid of Beogh against you.
Pain shoots through your body!
* * * LOW HITPOINT WARNING * * *
The orc misses you.
You hit the orc priest.
Your tail-slap misses the orc priest.
The orc priest is severely wounded.
You hit the orc but do no damage. The orc priest misses you.
The orc hits you with a +0 whip of electrocution.
* * * LOW HITPOINT WARNING * * *
You are electrocuted!!
You die...

################
........<......#
##############.#
## #.# .. #.# .#
#.# .# #.##o#
#..@o# ######


You could see an orc priest and an orc.

Vanquished Creatures
  A necrophage (D:5)
  Natasha (D:4)
  4 gnolls (D:2)
  A shadow imp (D:5)
  A worm (D:2)
  3 orcs
  6 ball pythons
  3 endoplasms
  A giant cockroach (D:3)
  4 hobgoblins (D:1)
  3 jackals (D:1)
  6 kobolds
  3 quokkas (D:2)
  6 bats
  2 frilled lizards
  2 goblins
  2 rats (D:1)
49 creatures vanquished.

Vanquished Creatures (others)
  12 plants (D:2)
  8 toadstools (D:4)
20 creatures vanquished.

Grand Total: 69 creatures vanquished

Notes
Turn   | Place    | Note
-------+----------+-------------------------------------------
     0 | D:5      | oldriver the Palentonga Delver began the quest for the Orb.
     0 | D:5      | Reached XP level 1. HP: 19/19 MP: 1/1
    36 | D:5      | Reached XP level 2. HP: 17/25 MP: 2/2
   136 | D:4      | Noticed Natasha
   269 | D:4      | Noticed a necrophage
   277 | D:4      | Killed Natasha
   278 | D:4      | Reached XP level 3. HP: 7/31 MP: 3/3
   532 | D:4      | HP: 1/29 [necrophage (4)]
   535 | D:5      | Killed a necrophage
   536 | D:5      | Reached XP level 4. HP: 1/39 MP: 4/4
   865 | D:4      | Noticed a scorpion
   904 | D:4      | Noticed a black bear
   936 | D:3      | Found a hazy altar of Hepliaklqana.
  1087 | D:2      | Found Sesonypue's Book Emporium.
  1089 | D:2      | Found Avoleerch's Weapon Boutique.
  1129 | D:2      | Found a faded altar of an unknown god.
  1148 | D:2      | Found Cypufosu's Weapon Shoppe.
  1612 | D:2      | Reached XP level 5. HP: 44/44 MP: 5/5
  1738 | D:2      | Found Raviff's Book Boutique.
  1825 | D:2      | Found Anguo's Antique Armour Boutique.
  2573 | D:1      | Found Oneezoll's Armour Emporium.
  3216 | D:3      | Mangled by an orc

Illustrated notes

Levels and vault maps discovered:
D:1:      dpeg_arrival_tiny_a, layout_loops_ring, serial_shops,
          nicolae_shop_advertising_works [nicolae_subvault_shop_adworks],
          minmay_pentomino_z4
D:2:      wad_woods_settlement, layout_basic, hellmonk_ecumenical_altar_zigzags,
          serial_shops, nicolae_shop_competitors_out_of_business, shop_coins,
          shop, nicolae_shop_crystal, nicolae_shop_trees, grunt_ministairs_5
D:3:      layout_loops_ring, overflow_temple_1_default,
          mainiacjoe_overflow_large_starburst, minmay_close_crescents
D:4:      cheibrodos_fertilizer, layout_loops_ring,
          mainiacjoe_overflow_alcove_4, uniq_natasha
D:5:      layout_loops_corners, grunt_ministairs_9, hangedman_decor_slide_cut,
          uniq_menkaure

Skill      XL: |  1  2  3  4 |
---------------+-------------+-----
Axes           | 3 4 |  4.8
Fighting       | 4 |  4.2
Dodging        | |  1.5
Stealth        | |  3.3

Action                   |  1- 3 |  4- 6 || total
-------------------------+-------+-------++-------
Melee: Hand axe          |    31 |   130 ||   161
       Tailslap          |     5 |    14 ||    19
       Punch             |     1 |     1 ||     2
 Abil: Rolling Charge    |     2 |    22 ||    24
  Use: Scroll            |       |     7 ||     7
Armor: Leather armour    |     9 |    30 ||    39
Dodge: Dodged            |     7 |    62 ||    69

Table legend: (Time is in decaauts)
 A = Elapsed time spent in this place.
 B = Non-inter-level travel time spent in this place.
 C = Inter-level travel time spent in this place.
 D = Time resting spent in this place.
 E = Time spent auto-exploring this place.
 F = Levels seen in this place.
 G = Mean time per level.
                   A        B        C        D        E       F      G
               +--------+--------+--------+--------+--------+-----+--------+
         Total |   3241 |   3127 |    114 |   1142 |   1395 |   5 |  648.2 |
       Dungeon |   3241 |   3127 |    114 |   1142 |   1395 |   5 |  648.2 |
               +--------+--------+--------+--------+--------+-----+--------+

Top non-repeatable levels by time:
     D:2: 1365 daAuts
     D:5: 802 daAuts
     D:1: 748 daAuts
     D:3: 187 daAuts
     D:4: 137 daAuts
